 Dungeon Crawl Stone Soup version 0.27-a0-522-g46bbb28828 (webtiles) character file.

Game seed: 6312769505158350738

87 Frqise the Ruffian (level 4, -6/40 HPs)
             Began as a Ghoul Monk on Mar 5, 2021.
             Killed from afar by an orc wizard (10 damage)
             ... with a puff of flame
             ... on level 3 of the Dungeon.
             The game lasted 00:08:30 (2299 turns).

Frqise the Ruffian (Ghoul Monk)                     Turns: 2299, Time: 00:08:31

Health: -6/40      AC:  2    Str: 15    XL:     4   Next: 51%
Magic:  3/3        EV: 13    Int:  5    God:
Gold:   176        SH:  0    Dex: 11    Spells: 3/3 levels left

rFire    . . .     SeeInvis .   j - +0 mace (vorpal)
rCold    + . .     Faith    .   (no shield)
rNeg     + + +     Spirit   .   a - +0 robe
rPois    ∞         Reflect  .   (no helmet)
rElec    .         Harm     .   (no cloak)
rCorr    .         Rampage  .   (no gloves)
Will     .....                  (no boots)
Stlth    ++........             (no amulet)
HPRegen  0.00/turn              (no ring)
MPRegen  0.08/turn              (no ring)

@: brilliant, attractive, flying
A: claws 1, cold resistance 1, negative energy resistance 3, inhibited
regeneration, torment resistance, unbreathing 1
a: no special abilities


You were on level 3 of the Dungeon.
You visited 1 branch of the dungeon, and saw 3 of its levels.

You collected 176 gold pieces.

Inventory:

Hand Weapons
 j - a +0 vorpal mace (weapon)
Armour
 a - a +0 robe (worn)
Scrolls
 c - a scroll of enchant weapon
 g - a scroll of magic mapping {unknown}
 i - a scroll of enchant armour {unknown}
 k - a scroll of immolation {unknown}
Potions
 f - a potion of heal wounds


   Skills:
 + Level 3.7 Fighting
 + Level 0.7 Maces & Flails
 + Level 3.5 Dodging
 + Level 2.5 Stealth
 + Level 4.2 Unarmed Combat


You had 3 spell levels left.
You didn't know any spells.
Your spell library was empty.

Dungeon Overview and Level Annotations

Branches:
Dungeon (3/15)

Altars:
Elyvilon


Innate Abilities, Weirdness & Mutations

You thrive by killing the living.
You are immune to poison.
You have sharp fingernails.
Your flesh is cold resistant. (rC+)
You are immune to negative energy. (rN+++)
You do not regenerate when monsters are visible.
You are immune to unholy pain and torment.
You can survive without breathing.


Message History

Unknown command.
Sorry, you're not good enough to have a special ability.
As you read the scroll labelled ISKEOG VUVIOG, it crumbles to dust.
It is a scroll of identify.
c - a scroll of enchant weapon Something hits you but does no damage.
It was a potion of brilliance.
You feel clever all of a sudden. Something hits you but does no damage.
Unknown command.
It was a potion of curing.
You feel better. Something barely misses you.
You miss something. Something hits you.
You barely miss something. Something hits you but does no damage.
You hear some strange, mumbled words.
A magic dart appears from out of thin air!
The magic dart hits you.
* * * LOW HITPOINT WARNING * * *
It was a potion of heal wounds.
You feel much better. Something hits you.
A magic dart appears from out of thin air!
The magic dart hits you!
There is a strange disturbance nearby!
There is a strange disturbance nearby!
A magic dart appears from out of thin air!
The magic dart hits you!
Sorry, you're not good enough to have a special ability.
It was a potion of attraction.
You feel attractive to monsters. Something is pulled toward you!
You hit something. Something hits you. x2
* * * LOW HITPOINT WARNING * * *
You miss something. Something hits you.
* * * LOW HITPOINT WARNING * * *
It was a potion of flight.
You feel very buoyant.
You fly up into the air.
Something hits you.
* * * LOW HITPOINT WARNING * * *
You hear some strange, mumbled words.
A puff of flame appears from out of thin air!
The puff of flame hits you!
You die...

...##.########
#.# ........
#.# ####...##
#.# #...# #.#
##... #.#
#..#. #.# #{#
#.# #@#
#.....#
#.#####


There were no monsters in sight!

Vanquished Creatures
  An orc priest (D:3)
  An adder (D:2)
  An ooze (D:2)
  4 leopard geckos
  3 orcs (D:3)
  A goblin (D:1)
  4 hobgoblins
  4 jackals (D:2)
  A ball python (D:3)
  5 bats
  2 frilled lizards
  7 kobolds
  4 rats
38 creatures vanquished.

Vanquished Creatures (others)
  5 toadstools (D:1)
5 creatures vanquished.

Grand Total: 43 creatures vanquished

Notes
Turn   | Place    | Note
-------+----------+-------------------------------------------
     0 | D:1      | Frqise the Ghoul Monk began the quest for the Orb.
     0 | D:1      | Reached XP level 1. HP: 19/19 MP: 0/0
   572 | D:1      | Reached XP level 2. HP: 26/26 MP: 1/1
  1540 | D:2      | Reached XP level 3. HP: 31/31 MP: 2/2
  1939 | D:3      | Reached skill level 4 in Unarmed Combat
  2268 | D:3      | Reached XP level 4. HP: 34/40 MP: 3/3
  2299 | D:3      | Killed from afar by an orc wizard

Illustrated notes

Levels and vault maps discovered:
D:1:      ldierk_walled_garden, layout_basic
D:2:      layout_basic
D:3:      minmay_chambers_of_threes, layout_basic, elyvilon_altar_4,
          hangedman_abyss_or_decor_stabs

Skill      XL: |  1  2  3 |
---------------+----------+-----
Dodging        | 3 |  3.5
Unarmed Combat | 4 |  4.2
Fighting       | |  3.7
Maces & Flails | |  0.7
Stealth        | |  2.5

Action                   |  1- 3 |  4- 6 || total
-------------------------+-------+-------++-------
Melee: Unarmed           |    92 |       ||    92
       Punch             |     2 |       ||     2
       Mace              |    36 |    15 ||    51
  Use: Potion            |       |     5 ||     5
       Scroll            |       |     1 ||     1
 Stab: Sleeping          |     1 |       ||     1
Armor: Robe              |    27 |     3 ||    30
Dodge: Dodged            |   108 |     2 ||   110

Table legend: (Time is in decaauts)
 A = Elapsed time spent in this place.
 B = Non-inter-level travel time spent in this place.
 C = Inter-level travel time spent in this place.
 D = Time resting spent in this place.
 E = Time spent auto-exploring this place.
 F = Levels seen in this place.
 G = Mean time per level.
                   A        B        C        D        E       F      G
               +--------+--------+--------+--------+--------+-----+--------+
         Total |   2312 |   2310 |      2 |    772 |    895 |   3 |  770.7 |
       Dungeon |   2312 |   2310 |      2 |    772 |    895 |   3 |  770.7 |
               +--------+--------+--------+--------+--------+-----+--------+

Top non-repeatable levels by time:
     D:1: 1140 daAuts
     D:2: 783 daAuts
     D:3: 387 daAuts
